 Dungeon Crawl Stone Soup version 0.29-a0-284-gf9362112df (webtiles) character file.

Game seed: 2916066453557373426

171 sylnyx the Stinger (level 5, -3/40 HPs)
             Began as a Draconian Venom Mage on Mar 25, 2022.
             Slain by a gnoll
             ... wielding a +0 halberd of chaos
              (4 damage)
             ... on level 3 of the Dungeon.
             The game lasted 00:14:32 (2860 turns).

sylnyx the Stinger (Draconian Venom Mage)           Turns: 2860, Time: 00:14:33

Health: -3/40      AC:  5    Str: 10    XL:     5   Next: 26%
Magic:  3/9        EV:  6    Int: 18    God:
Gold:   180        SH:  0    Dex: 11    Spells: 2/9 levels left

rFire   . . .      SeeInvis .   n - +6 halberd of Koloegu {vamp, rN++ Will- rCorr}
rCold   . . .      Faith    .   (shield currently unavailable)
rNeg    + + .      Spirit   .   (body armour unavailable)
rPois   .          Reflect  .   (helmet restricted)
rElec   .          Harm     .   (no cloak)
rCorr   +          Rampage  .   (no gloves)
Will    .....                   (no boots)
Stlth   ++........              (no amulet)
HPRegen 0.13/turn               (no ring)
MPRegen 0.11/turn               (no ring)

@: very slightly contaminated, held
A: AC +5, unfitting armour, cold-blooded
a: no special abilities


You were on level 3 of the Dungeon.
You visited 1 branch of the dungeon, and saw 3 of its levels.

You collected 180 gold pieces.

Inventory:

Hand Weapons
 e - a +2 vorpal dagger
 n - the +6 halberd of Koloegu (weapon) {vamp, rN++ Will- rCorr}
   (You took it off a gnoll on level 3 of the Dungeon)

   It occasionally heals its wielder for a portion of the damage dealt when it
   wounds a living foe.
   rN:        It greatly protects you from negative energy.
   rCorr:     It protects you from acid and corrosion.
   Will:      It decreases your willpower.
Magical Staves
 j - a staff of cold
Scrolls
 b - a scroll of blinking {unknown}
 k - a scroll of identify {unknown}
 l - a scroll of brand weapon
 m - a scroll of immolation {unknown}
Potions
 a - a potion of magic
 c - 2 potions of lignification {unknown}
 d - 2 potions of invisibility {unknown}
 f - 2 potions of heal wounds {unknown}
 g - a potion of brilliance {unknown}
 h - 2 potions of curing {unknown}
 i - a potion of degeneration {unknown}


   Skills:
 + Level 1.1 Fighting
 + Level 1.0 Short Blades
 + Level 2.7 Dodging
 + Level 2.8 Stealth
 + Level 2.9 Spellcasting
 - Level 1.2 Transmutations
 + Level 3.8 Poison Magic


You had 2 spell levels left.
You knew the following spells:

 Your Spells              Type           Power      Damage    Failure   Level
a - Sting                 Tmut/Pois      44%        1d5       6%          1
b - Poisonous Vapours     Pois/Air       18%        N/A       12%         2
c - Olgreb's Toxic Radia  Pois           16%        N/A       34%         4

Your spell library contained the following spells:

 Spells                   Type           Power      Damage    Failure   Level
 Mephitic Cloud           Conj/Pois/Air  7%         N/A       28%         3


Dungeon Overview and Level Annotations

Branches:
Dungeon (3/15)

Altars:

Shops:
D:2 !

Annotations:
D:3 1 transporter, being54's ghost, amateur GnTm


Innate Abilities, Weirdness & Mutations

Your plain brown scales are hard. (AC +5)
You cannot fit into any form of body armour.
You are cold-blooded and may be slowed by cold attacks.


Message History

You barely miss the gnoll.
You feel sick. The gnoll barely misses you.
You hit the gnoll.
The gnoll is lightly wounded.
You feel sick. The gnoll barely misses you.
You hit the gnoll. You tail-slap the gnoll.
The gnoll is heavily wounded.
You feel sick.
You are no longer poisoned.
The gnoll hits you with the +6 halberd of Koloegu {vamp, rN++ Will- rCorr}.
* * * LOW HITPOINT WARNING * * *
You hit the gnoll but do no damage.
The gnoll is poisoned.
The gnoll is heavily wounded.
The gnoll barely misses you.
You barely miss the gnoll.
The gnoll is severely wounded.
You kill the gnoll!
Your Short Blades skill increases to level 1!
There is an open translucent door, spattered with blood here.
Things that are here:
the +6 halberd of Koloegu {vamp, rN++ Will- rCorr}; a gnoll corpse
n - the +6 halberd of Koloegu {vamp, rN++ Will- rCorr} Your +2 dagger of venom stops dripping with poison.
You feel a sense of dread.
n - the +6 halberd of Koloegu (weapon)
{vamp, rN++ Will- rCorr}
As you read the scroll labelled QUQ VOEPOMAL, it crumbles to dust.
It is a scroll of brand weapon.
Your +2 dagger of venom emits a brilliant flash of light!
e - a +2 vorpal dagger The gnoll throws a throwing net.
The throwing net hits you.
You become entangled in the net!
The gnoll hits you from afar with a +0 spear.
* * * LOW HITPOINT WARNING * * *
You see here a throwing net.
You tear a large gash into the net.
The gnoll hits you from afar with a +0 spear.
* * * LOW HITPOINT WARNING * * *
You cannot attack while held in a net.
You struggle against the net.
The gnoll hits you from afar with a +0 halberd of chaos.
You die...

##.≈≈.##.# #.##.≈≈..###
#.≈≈.#..# #.g#.≈≈....#
#.≈≈.##.#####.##.≈≈.....
#.....#.#8⌠8#.#..≈≈....#
#....©#.†.©.W.#©.≈≈..###
#.....#.#...#.#..≈≈..#
##.≈≈.##g##.##g##.≈≈.##
#..≈≈.#..#...#..#.≈≈.#
#..≈≈.##@#⌠.⌠#.##.≈≈.####
#.#####..≈≈..#.#...#.#..≈≈....#
#.......≈≈###g##'##.###≈≈.##.#
#.######.≈≈#[..........#≈≈.##.#
#.≈≈#..###.###..#≈≈.##.#
#.≈≈#..#8###8#gg#≈≈..#.#
#.≈≈####.....####≈≈..#.#
#.≈≈≈≈≈≈≈≈≈≈≈≈≈≈≈≈≈.....
#.≈≈≈≈≈≈≈≈≈≈≈≈≈≈≈≈≈.####


You could see being54's ghost and 3 gnolls.

Vanquished Creatures
  Natasha (thrice) (D:2)
  A gnoll (D:3)
  4 adders
  3 dart slugs
  3 ball pythons
  5 bats
  5 endoplasms
  3 giant cockroaches
  2 goblins (D:2)
  6 hobgoblins
  3 quokkas (D:2)
  3 frilled lizards (D:1)
  3 kobolds
  2 rats
46 creatures vanquished.

Vanquished Creatures (others)
  6 plants (D:3)
6 creatures vanquished.

Grand Total: 52 creatures vanquished

Notes
Turn   | Place    | Note
-------+----------+-------------------------------------------
     0 | D:1      | sylnyx the Draconian Venom Mage began the quest for the
                  | Orb.
     0 | D:1      | Reached XP level 1. HP: 14/14 MP: 3/3
   312 | D:1      | Reached XP level 2. HP: 19/20 MP: 1/5
   344 | D:1      | Learned a level 2 spell: Poisonous Vapours
   878 | D:2      | Found a faded altar of an unknown god.
   933 | D:2      | Noticed Natasha
   949 | D:2      | Killed Natasha
   950 | D:2      | Reached XP level 3. HP: 12/26 MP: 2/6
  1128 | D:2      | Noticed Natasha
  1136 | D:2      | Killed Natasha
  1137 | D:2      | Reached XP level 4. HP: 33/33 MP: 2/7
  1536 | D:2      | Noticed Natasha
  1553 | D:2      | Killed Natasha
  1609 | D:2      | Found Kameb's Distillery.
  2343 | D:3      | Reached XP level 5. HP: 36/39 MP: 9/9
  2443 | D:3      | Noticed being54's ghost (amateur GnTm)
  2454 | D:3      | Reached skill level 1 in Fighting
  2532 | D:3      | Found a transporter.
  2569 | D:3      | Identified the +6 halberd of Koloegu {vamp, rN++ Will-
                  | rCorr}
  2708 | D:3      | Found a transporter.
  2728 | D:3      | Learned a level 4 spell: Olgreb's Toxic Radiance
  2847 | D:3      | Reached skill level 1 in Short Blades
  2859 | D:3      | HP: 1/40 [gnoll/+0 spear (3)]
  2860 | D:3      | Slain by a gnoll

Illustrated notes

Levels and vault maps discovered:
D:1:      scummos_arrival_forest, layout_rooms
D:2:      layout_basic, hellmonk_ecumenical_altar_heavens_door, serial_shops,
          nicolae_square_shop, uniq_natasha
D:3:      layout_loops_corners, nicolae_uskayaw_suspiria,
          gammafunk_ghost_gnarly_gnolls, kennysheep_generic_room_11, uniq_robin,
          uniq_sigmund

Skill      XL: |  1  2  3  4  5 |
---------------+----------------+-----
Stealth        | 2 |  2.8
Dodging        | 2 |  2.7
Fighting       | 1 |  1.1
Short Blades   | 1 |  1.0
Spellcasting   | |  2.9
Transmutations | |  1.2
Poison Magic   | |  3.8

Action                   |  1- 3 |  4- 6 || total
-------------------------+-------+-------++-------
Melee: Unarmed           |     8 |       ||     8
       Dagger            |    13 |    51 ||    64
       Tailslap          |     4 |     9 ||    13
 Cast: Sting             |    13 |     3 ||    16
       Poisonous Vapours |    13 |    10 ||    23
  Use: Scroll            |       |     1 ||     1
 Stab: Sleeping          |       |     2 ||     2
Armor: Skin              |     6 |    11 ||    17
Dodge: Dodged            |    11 |    31 ||    42

Table legend: (Time is in decaauts)
 A = Elapsed time spent in this place.
 B = Non-inter-level travel time spent in this place.
 C = Inter-level travel time spent in this place.
 D = Time resting spent in this place.
 E = Time spent auto-exploring this place.
 F = Levels seen in this place.
 G = Mean time per level.
                   A        B        C        D        E       F      G
               +--------+--------+--------+--------+--------+-----+--------+
         Total |   2892 |   2839 |     53 |    874 |    451 |   3 |  964.0 |
       Dungeon |   2892 |   2839 |     53 |    874 |    451 |   3 |  964.0 |
               +--------+--------+--------+--------+--------+-----+--------+

Top non-repeatable levels by time:
     D:2: 1518 daAuts
     D:1: 831 daAuts
     D:3: 543 daAuts
